 Dungeon Crawl Stone Soup version 0.32-a0-931-g5a2cda0630 (webtiles) character file.

Game seed: 4981322374852449150

89772 Biggs the Unseen (level 15, -1/80 HPs)
             Began as a Vine Stalker Brigand on Apr 13, 2024.
             Was the Champion of Wu Jian.
             Slain by a sea snake (10 damage)
             ... on level 3 of the Shoals.
             The game lasted 00:59:37 (8782 turns).

Biggs the Unseen (Vine Stalker Brigand)             Turns: 8782, Time: 00:59:37

Health: -1/80      AC: 14    Str: 15    XL:     15   Next: 64%
Magic:  0/16       EV: 22    Int: 11    God:    Wu Jian [******]
Gold:   714        SH:  0    Dex: 25    Spells: 14/14 levels left

rFire   + . .        V - +2 dagger (distort)
rCold   + . .        (no shield)
rNeg    + . .        q - +3 leather armour
rPois   .            o - +2 helmet
rElec   .            W - scarf {rC+ rF+}
rCorr   .            O - +0 pair of gloves {Dex+3}
SInv    .            F - +2 pair of boots {Stlth+}
Will    +....        X - amulet of regeneration
Stlth   +++++++      l - ring of positive energy
HPRegen 1.93/turn    h - +4 ring of slaying
MPRegen 0.15/turn

%: guardian spirit
@: lethally poisoned (-1 -> -1), about to teleport
A: fangs 3, regeneration 1, magic shield, antimagic bite, no potion heal 2
a: Renounce Religion, Wall Jump, Serpent's Lash, Heavenly Storm


You were on level 3 of the Shoals.
You worshipped Wu Jian.
Wu Jian was exalted by your worship.
You visited 5 branches of the dungeon, and saw 21 of its levels.
You also visited: Sewer and Ice Cave.

You collected 1303 gold pieces.
You spent 589 gold pieces at shops.

Inventory:

Hand Weapons
 a - a +2 dagger of speed
 c - a +0 rapier
 H - a +3 short sword
 K - a +2 dagger of electrocution
 V - a +2 dagger of distortion (weapon)
Missiles
 d - 12 poisoned darts (quivered)
 e - 5 curare-tipped darts
 D - 3 throwing nets
 E - 2 datura-tipped darts
Armour
 o - a +2 helmet (worn)
 q - a +3 leather armour (worn)
 r - the +0 pair of gloves of the Scribe {Harm rElec rPois Dex+4}
   (You found it in a sewer)

   Dex+4:     It affects your dexterity (+4).
   rElec:     It insulates you from electricity.
   rPois:     It protects you from poison.
   Harm:      It increases damage dealt and taken.
 F - a +2 pair of boots of stealth (worn)
 L - +0 acid dragon scales
 N - a +2 cloak
 O - a +0 pair of gloves of dexterity (worn)
 W - a scarf of resistance (worn)
 Z - +0 ice dragon scales
Jewellery
 h - a +4 ring of slaying (right hand)
 l - a ring of positive energy (left hand)
 C - a +6 ring of intelligence
 P - a ring of fire
 S - a ring of protection from cold
 X - an amulet of regeneration (around neck)
Talismans
 y - a talisman of death
Wands
 s - a wand of mindburst (7)
 x - a wand of warping (25)
 A - a wand of paralysis (14)
 I - a wand of flame (14)
Scrolls
 b - 2 scrolls of blinking
 k - 5 scrolls of fog
 m - 11 scrolls of teleportation
 p - 3 scrolls of amnesia
 v - a scroll of revelation
 w - 2 scrolls of immolation {unknown}
 G - 2 scrolls of silence {unknown}
 Q - a scroll of torment {unknown}
 T - a scroll of poison {unknown}
 U - a scroll of enchant weapon {unknown}
Potions
 f - 4 potions of curing {unknown}
 g - 2 potions of cancellation {unknown}
 i - 2 potions of mutation {unknown}
 j - 3 potions of resistance {unknown}
 n - 2 potions of might {unknown}
 t - a potion of ambrosia {unknown}
 u - 3 potions of attraction {unknown}
 z - 3 potions of haste
 B - 4 potions of heal wounds {unknown}
 J - a potion of degeneration {unknown}
 M - a potion of brilliance {unknown}
 R - a potion of enlightenment {unknown}


   Skills:
 - Level 10.0 Fighting
 - Level 10.0 Short Blades
 - Level 1.7 Throwing
 - Level 4.0 Armour
 - Level 12.8 Dodging
 - Level 15.0 Stealth
 + Level 12.3 Shapeshifting


You had 14 spell levels left.
You didn't know any spells.
Your spell library contained the following spells:

 Spells                   Type           Power      Damage    Failure   Level
 Shock                    Conj/Air       0%         1d3       41%         1
 Slow                     Hex            0%         N/A       41%         1
 Mercury Vapours          Alch/Air       0%         N/A       54%         2
 Mephitic Cloud           Conj/Alch/Air  0%         N/A       78%         3
 Tukima's Dance           Hex            0%         N/A       78%         3
 Passage of Golubria      Tloc           0%         N/A       99%         4
 Freezing Cloud           Conj/Ice/Air   0%         6-21      100%        5
 Silence                  Hex/Air        0%         N/A       100%        5
 Yara's Violent Unravell  Hex/Alch       0%         3d3       100%        5
 Lehudib's Crystal Spear  Conj/Erth      0%         10d2      100%        8


Dungeon Overview and Level Annotations

Branches:
Dungeon (11/15)            Temple (1/1) D:5            Lair (5/5) D:11
 Shoals (3/4) Lair:3        Slime (0/5) Lair:5          Orc (1/2) D:9
  Sewer (visited)           IceCv (visited)
  Snake: Lair:2-3    Spider: Lair:2-3

Altars:
Ashenzari
Cheibriados
Dithmenos
Elyvilon
Fedhas
Gozag
Hepliaklqana
Kikubaaqudgha
Makhleb
Nemelex Xobeh
Okawaru
Qazlal
Ru
Sif Muna
Trog
Uskayaw
Vehumet
Wu Jian
Xom
Yredelemnul
Zin
The Shining One
Jiyva

Shops:
D:7 *!![[

Annotations:
D:10 2 runed translucent doors
Temple 2 transporters
Lair:5 1 runed translucent door, jasper's ghost, journeyman MiBr
Orc:1 1 transporter


Innate Abilities, Weirdness & Mutations

You have razor-sharp teeth.
Your natural rate of healing is unusually fast.
When hurt, damage is shared between your health and your magic reserves.
Your bite disrupts and absorbs the magic of your enemies.
Potions cannot restore your health.


Message History

You feel less exhausted.
You feel sick.
A nearby plant withers and dies.
The water nymph touches you. The water nymph drowns you!
* * * LOW HITPOINT WARNING * * *
The merfolk hits you from afar with a +1 spear of venom.
* * * LOW HITPOINT WARNING * * *
You are more poisoned.
The merfolk throws a boomerang.
The boomerang hits you but does no damage.
Unknown command.
Blink to where?
Press: ? - help, Dir - move target A manticore comes into view.
Found 11 gold pieces.
As you read the scroll of blinking, it crumbles to dust.
You feel very sick.
The water nymph flows with the water.
As you read the scroll of teleportation, it crumbles to dust.
You feel strangely unstable.
You feel very sick.
Splash!
You fall into the shallow water.
Moving in this stuff is going to be slow.
A water nymph comes into view.
You spin and attack the water nymph repeatedly.
You hit the water nymph.
Space warps around the water nymph.
Your bite misses the water nymph.
The water nymph is severely wounded.
You closely miss the water nymph. Your bite misses the water nymph.
The water nymph is severely wounded.
You feel very sick. The water nymph closely misses you.
The water nymph touches you. The water nymph drowns you!
* * * LOW HITPOINT WARNING * * *
Unknown command.
You feel sick.
The water nymph's magic is no longer disrupted.
The water nymph attacks as it pursues you!
The water nymph closely misses you. The sea snake bites you!
You die...

~≈≈~≈≈≈~~.~~~~~.)# #
≈≈≈≈≈≈~~..~~~.~~~H~.~~~
##
≈≈≈≈≈≈≈~...~.m......~~~
..
≈≈≈≈≈≈≈~$#m~.......~~~~
..
≈≈≈≈≈≈~~...~.......~~PP
..
~≈≈≈~~~~~~~)....(.P~~~P
..
~≈~....~~~...###.PP~~PP
.#
~~......mS...###.~~~P~P
.. ~...###~@.....~m ..
~~. #......~~≈ ## ~
....$..~...
...#####.~... ~....
..... ~... ...# . ~~~~
#### . ~~~ ~


You could see a sea snake, 2 merfolk and 2 water nymphs.

Vanquished Creatures
  The ghost of Hicvu the Warrior, an adept DsGl of Okawaru (Shoals:1)
  A frost giant (IceCv)
  A white draconian (IceCv)
  A merfolk impaler (Shoals:2)
  A hydra (Lair:5)
  Harold (Lair:1)
  3 ice dragons
  7 ironbound frosthearts (IceCv)
  A merfolk aquamancer (Shoals:1)
  A catoblepas (Lair:5)
  11 death yaks
  Urug (Lair:2)
  Sonja (Lair:4)
  5 skysharks
  2 sea snakes (Shoals:2)
  An orange crystal statue (IceCv)
  5 ugly things
  A manticore (Lair:3)
  3 fauns (Shoals:2)
  Maurice (D:9)
  2 kobold blastminers (Orc:1)
  3 merfolk sirens
  5 elephants
  5 black mambas
  Maggie (D:9)
  10 cane toads
  4 komodo dragons
  13 rime drakes
  2 trolls
  4 hornets (Lair:5)
  8 merfolk
  2 wind drakes
  12 polar bears
  25 blink frogs
  4 dream sheep (Lair:4)
  2 snapping turtles
  12 spriggans (Lair:5)
  2 water elementals (Shoals:1)
  3 wyverns
  32 yaks
  A basilisk (Lair:5)
  2 steam dragons
  5 vampire mosquitoes
  11 water moccasins
  4 black bears
  An ice beast (D:7)
  9 orc warriors
  2 sky beasts
  3 ogres
  12 centaurs
  4 boggarts (Lair:5)
  26 wolves
  A phantom (D:6)
  3 gnoll sergeants
  18 bullfrogs
  9 wights (D:8)
  4 killer bees (D:9)
  5 howler monkeys
  An electric eel (D:7)
  A crimson imp (D:6)
  Crazy Yiuf (D:6)
  2 bombardier beetles
  2 jellies
  9 orc priests
  4 hounds
  10 orc wizards
  2 iguanas (D:5)
  18 gnolls
  10 adders
  2 river rats (D:4)
  2 shadow imps
  2 white imps
  9 dart slugs
  3 ribbon worms
  36 orcs
  12 endoplasms
  11 giant cockroaches
  7 goblins
  11 hobgoblins
  2 jackals (D:2)
  2 kobolds
  5 quokkas
  17 ball pythons
  4 bats (D:3)
  15 frilled lizards
  3 rats (D:1)
  A butterfly (Lair:3)
524 creatures vanquished.

Vanquished Creatures (others)
  6 tentacles (Shoals:1)
6 creatures vanquished.

Grand Total: 530 creatures vanquished

Notes
Turn   | Place    | Note
-------+----------+-------------------------------------------
     0 | D:1      | Biggs the Vine Stalker Brigand began the quest for the Orb.
     0 | D:1      | Reached XP level 1. HP: 11/11 MP: 2/2
    50 | D:1      | Reached XP level 2. HP: 15/15 MP: 0/3
   257 | D:1      | Reached XP level 3. HP: 18/18 MP: 4/4
   804 | D:3      | Reached XP level 4. HP: 23/23 MP: 5/5
  1197 | D:4      | Reached XP level 5. HP: 26/26 MP: 6/6
  1292 | D:4      | Found a glowing drain.
  1294 | D:4      | Reached skill level 5 in Short Blades
  1297 | Sewer    | Entered a sewer
  1509 | Sewer    | Reached XP level 6. HP: 30/30 MP: 7/7
  1567 | Sewer    | Identified the +0 pair of gloves of the Scribe {Harm rElec
                  | rPois Dex+4}
  1924 | D:4      | Reached XP level 7. HP: 34/34 MP: 8/8
  1931 | D:5      | Entered Level 5 of the Dungeon
  2052 | D:5      | Found a staircase to the Ecumenical Temple.
  2065 | Temple   | Found a transporter.
  2065 | Temple   | Found a transporter.
  2065 | Temple   | Found a transporter.
  2065 | Temple   | Found a transporter.
  2065 | Temple   | Entered the Ecumenical Temple
  2078 | Temple   | Became a worshipper of the Wu Jian Council
  2484 | D:6      | Gained mutation: You have razor-sharp teeth. [Vine Stalker
                  | growth]
  2484 | D:6      | Reached XP level 8. HP: 28/38 MP: 6/9
  2566 | D:6      | Found the +5 Force Lance {heavy, knockback}
  2658 | D:6      | Reached * piety under Wu Jian
  2893 | D:6      | Found a runed translucent door.
  2894 | D:6      | Noticed Crazy Yiuf
  2900 | D:6      | Killed Crazy Yiuf
  2901 | D:6      | Reached skill level 10 in Short Blades
  3019 | D:7      | Reached XP level 9. HP: 33/44 MP: 7/10
  3034 | D:7      | Found Waruummi's General Store.
  3040 | D:7      | Bought a scroll of teleportation for 36 gold pieces
  3040 | D:7      | Bought a scroll of teleportation for 36 gold pieces
  3040 | D:7      | Bought a potion of haste for 120 gold pieces
  3152 | D:7      | Found a bloodstained altar of Trog.
  3169 | D:7      | Found a shimmering blue altar of Sif Muna.
  3173 | D:7      | Got Sif Muna's Quarto of Hazy Glamour
  3221 | D:7      | Reached skill level 5 in Fighting
  3221 | D:7      | Reached skill level 1 in Dodging
  3227 | D:7      | Found Huameofo's Antique Armour Emporium.
  3232 | D:7      | Reached ** piety under Wu Jian
  3560 | D:7      | Found Ecvak's Antique Armour Emporium.
  3590 | D:7      | Found Qylong's Distillery.
  3651 | D:7      | Found Diushrega's Distillery.
  3781 | D:7      | Bought a pair of glowing boots for 195 gold pieces
  3991 | D:8      | Reached skill level 5 in Dodging
  4030 | D:8      | Reached XP level 10. HP: 32/51 MP: 11/11
  4326 | D:9      | Found a staircase to the Orcish Mines.
  4340 | D:9      | Reached *** piety under Wu Jian
  4371 | D:9      | Identified the +7 mace "Caedd" {protect, rPois rF+ rCorr}
  4386 | D:9      | Noticed Maggie
  4410 | D:9      | Killed Maggie
  4421 | D:9      | Noticed a white ugly thing
  4642 | D:9      | Found a sparkling altar of Nemelex Xobeh.
  4647 | D:9      | Noticed Maurice
  4649 | D:9      | Maurice stole 12 poisoned darts
  4660 | D:9      | Killed Maurice
  4724 | D:9      | Killed a white ugly thing
  4725 | D:9      | Reached XP level 11. HP: 27/58 MP: 12/12
  4802 | Orc:1    | Entered Level 1 of the Orcish Mines
  4802 | Orc:1    | Found a transporter.
  4810 | Orc:1    | Noticed an ettin
  4810 | Orc:1    | Noticed an orc sorcerer
  4821 | Orc:1    | Noticed an orc sorcerer
  4836 | Orc:1    | Noticed an orc knight
  4839 | Orc:1    | Noticed an orc knight
  4846 | Orc:1    | Noticed a two-headed ogre
  4859 | Orc:1    | Reached **** piety under Wu Jian
  4947 | D:7      | Bought a pair of embroidered gloves for 202 gold pieces
  5015 | D:10     | Entered Level 10 of the Dungeon
  5028 | D:10     | Found a runed translucent door.
  5034 | D:10     | Noticed a skeletal warrior
  5035 | D:10     | Found a runed translucent door.
  5035 | D:10     | Noticed a boulder beetle
  5036 | D:10     | Noticed a fire dragon
  5036 | D:10     | Noticed a seven-headed hydra
  5062 | D:10     | Reached skill level 5 in Stealth
  5070 | D:10     | Reached skill level 6 in Stealth
  5113 | D:10     | Reached skill level 7 in Stealth
  5445 | D:11     | Reached skill level 8 in Stealth
  5509 | D:11     | Reached skill level 9 in Stealth
  5530 | D:11     | Found a staircase to the Lair.
  5535 | Lair:1   | Entered Level 1 of the Lair of Beasts
  5559 | Lair:1   | Reached skill level 10 in Stealth
  5571 | Lair:1   | Noticed Harold
  5588 | Lair:1   | Killed Harold
  5589 | Lair:1   | Reached skill level 11 in Stealth
  5640 | Lair:1   | Reached XP level 12. HP: 62/64 MP: 13/13
  5651 | Lair:1   | Reached skill level 12 in Stealth
  5730 | Lair:1   | Reached skill level 13 in Stealth
  5773 | Lair:1   | Reached ***** piety under Wu Jian
  5774 | Lair:1   | Reached skill level 14 in Stealth
  5838 | Lair:1   | Reached skill level 15 in Stealth
  5886 | Lair:2   | Noticed Urug
  5887 | Lair:2   | Killed Urug
  6198 | Lair:3   | Found a staircase to the Shoals.
  6211 | Lair:3   | Reached skill level 10 in Fighting
  6219 | Lair:3   | Reached XP level 13. HP: 4/72 MP: 11/14
  6219 | Lair:3   | HP: 3/72 [poisoned by a water moccasin]
  6341 | Lair:3   | Reached skill level 10 in Dodging
  6483 | Lair:4   | Noticed Sonja
  6489 | Lair:4   | Killed Sonja
  6879 | Lair:5   | Entered Level 5 of the Lair of Beasts
  7064 | Lair:5   | Reached XP level 14. HP: 77/77 MP: 15/15
  7097 | Lair:5   | Reached skill level 1 in Shapeshifting
  7161 | Lair:5   | Reached skill level 1 in Armour
  7195 | Lair:5   | Found a viscous altar of Jiyva.
  7195 | Lair:5   | Found a staircase to the Slime Pits.
  7447 | Lair:5   | Reached ****** piety under Wu Jian
  7534 | Lair:5   | Reached skill level 5 in Shapeshifting
  7632 | Lair:5   | Identified the +2 chain mail of Circular Logic {Dex+6}
  7638 | Lair:5   | Got an earthy gem with 1783 turns to spare
  7697 | Lair:5   | Found a runed translucent door.
  7697 | Lair:5   | Noticed jasper's ghost (journeyman MiBr)
  7814 | Shoals:1 | Entered Level 1 of the Shoals
  7880 | Shoals:1 | Found a runed translucent door.
  7887 | Shoals:1 | Noticed Hicvu's ghost (adept DsGl)
  7887 | Shoals:1 | Found the +8 storm bow {elec, penet}
  7887 | Shoals:1 | Found the +6 Majin-Bo {spellvamp, MP+6 Int+6}
  7922 | Shoals:1 | Killed Hicvu's ghost
  7949 | Shoals:1 | Noticed a kraken
  8025 | Shoals:2 | Found a glacial archway.
  8059 | IceCv    | Entered an ice cave
  8112 | IceCv    | Reached XP level 15. HP: 60/80 MP: 16/16
  8239 | IceCv    | Reached skill level 10 in Shapeshifting
  8288 | IceCv    | Noticed a frost giant
  8289 | IceCv    | Noticed a frost giant
  8295 | IceCv    | Banished a frost giant
  8305 | IceCv    | Killed a frost giant
  8782 | Shoals:3 | Slain by a sea snake

Illustrated notes

Levels and vault maps discovered:
D:1:      psy_arrival_radial01, layout_basic, minmay_lizard_pond
D:2:      layout_loops_corners, uniq_terence
D:3:      layout_loops_corners, kennysheep_minor_cross
D:4:      layout_basic, gup_sewer_entry_spiral
D:5:      layout_basic, minmay_temple_entry_slanted
D:6:      layout_basic, chequers_jeans, minmay_fire_ice_demons,
          uniq_crazy_yiuf_cottage
D:7:      layout_basic, nzn_overflow_gifts_of_might_and_magic, serial_shops,
          shop_coins, shop, nicolae_shop_rolling_square,
          nicolae_inconvenience_store, shop
D:8:      layout_basic
D:9:      layout_cave_pods, mainiacjoe_overflow_small_starburst, erik_orc_4,
          minivault_19, uniq_maurice, uniq_maggie
D:10:     layout_cave_pods, muffindrake_ghost_dual_entry, uniq_gastronok
D:11:     layout_roguey, grunt_lair_entry_orc_guard_hut, serial_shops,
          nicolae_shop_hallway_plus, nicolae_shop_sticking_my_neck_out,
          uniq_lodul, uniq_snorg
Temple:   hellmonk_temple_divided_pantheon
Lair:1:   layout_gridlike, infiniplex_staircase_pool_2, uniq_harold
Lair:2:   layout_hall_layers, basic_altar, serial_bayou_shore_b, uniq_urug
Lair:3:   layout_regular_city, minmay_shoals_entry_beasts,
          guppyfry_snake_entry_island, grunt_megastairs_3, lemuel_fruit_fields
Lair:4:   layout_concentric_octagons, gammafunk_ghost_wrathful_warriors,
          uniq_sonja
Lair:5:   minmay_lair_end_enchanted_forest, layout_regular_city, slime_entry_1,
          serial_forest, infiniplex_forest_clump_curved,
          infiniplex_forest_end_1, infiniplex_forest_zigzag_1,
          infiniplex_forest_corner_2, infiniplex_forest_3_way,
          infiniplex_forest_lined_ring, infiniplex_forest_straight_5,
          ebering_ghost_reflecting_pool
Shoals:1: layout_shoals, ebering_ghost_reflecting_pool,
          nicolae_shoals_lost_giant_temple, wheals_shoals_ruined_temple
Shoals:2: layout_shoals, portal_ice_cave_entry_dragon
Shoals:3: layout_shoals, nicolae_shoals_so_close, uniq_polyphemus
Orc:1:    gammafunk_beogh_shrine, layout_caves

Skill      XL: |  1  2  3  4  5  6  7  8  9 10 11 12 13 14 15 |
---------------+----------------------------------------------+-----
Short Blades   | 2 3 4 5 6 8 10 | 10.0
Fighting       | 3 5 6 7 10 | 10.0
Dodging        | 6 9 12 | 12.8
Stealth        | 11 15 | 15.0
Shapeshifting  | 9 12 | 12.3
Armour         | 4 |  4.0
Throwing       | |  1.7

Action                     |  1- 3 |  4- 6 |  7- 9 | 10-12 | 13-15 || total
---------------------------+-------+-------+-------+-------+-------++-------
  Melee: Dagger            |   143 |   218 |   346 |   671 |  1015 ||  2393
         Bite              |    30 |    52 |   121 |   230 |   373 ||   806
 Invoke: Serpent's Lash    |       |       |       |     2 |     2 ||     4
Ability: Lunge             |       |       |    36 |    56 |    79 ||   171
         Whirlwind         |       |       |    37 |   207 |   273 ||   517
  Evoke: Wand              |       |     1 |     7 |       |       ||     8
    Use: Scroll            |       |       |     3 |     1 |     8 ||    12
   Stab: Sleeping          |     6 |    13 |     7 |    17 |    38 ||    81
         Distracted        |       |       |       |       |     2 ||     2
 Armour: Robe              |     6 |       |       |       |       ||     6
         Leather armour    |    64 |   141 |   135 |   148 |   211 ||   699
         Ice dragon scales |       |       |       |       |    49 ||    49
  Dodge: Dodged            |    66 |   120 |    91 |   226 |   371 ||   874

Table legend: (Time is in decaauts)
 A = Elapsed time spent in this place.
 B = Non-inter-level travel time spent in this place.
 C = Inter-level travel time spent in this place.
 D = Time resting spent in this place.
 E = Time spent auto-exploring this place.
 F = Levels seen in this place.
 G = Mean time per level.
                   A        B        C        D        E       F      G
               +--------+--------+--------+--------+--------+-----+--------+
         Total |   8514 |   8076 |    438 |      0 |      0 |  23 |  370.2 |
       Dungeon |   4912 |   4528 |    384 |      0 |      0 |  11 |  446.5 |
        Temple |     52 |     46 |      6 |      0 |      0 |   1 |   52.0 |
          Lair |   2143 |   2114 |     29 |      0 |      0 |   5 |  428.6 |
        Shoals |    512 |    512 |      0 |      0 |      0 |   3 |  170.7 |
  Orcish Mines |    102 |     83 |     19 |      0 |      0 |   1 |  102.0 |
         Sewer |    331 |    331 |      0 |      0 |      0 |   1 |  331.0 |
      Ice Cave |    460 |    460 |      0 |      0 |      0 |   1 |  460.0 |
               +--------+--------+--------+--------+--------+-----+--------+

Top non-repeatable levels by time:
     D:7: 869 daAuts
  Lair:5: 792 daAuts
     D:6: 671 daAuts
     D:9: 546 daAuts
     D:4: 544 daAuts
   IceCv: 460 daAuts
     D:1: 446 daAuts
     D:8: 417 daAuts
     D:3: 414 daAuts
  Lair:4: 411 daAuts
    D:10: 385 daAuts
  Lair:1: 334 daAuts
   Sewer: 331 daAuts
  Lair:3: 327 daAuts
  Lair:2: 277 daAuts
